 Dungeon Crawl Stone Soup version 0.20.1-1-g8b1a95d (console) character file.

213 bli the Shield-Bearer (level 6, 0/48 HPs)
             Began as a Formicid Fighter on Aug 12, 2017.
             Was a Follower of Uskayaw.
             Slain by an adder (2 damage)
             ... on level 6 of the Dungeon.
             The game lasted 00:08:53 (2179 turns).

bli the Shield-Bearer (Formicid Fighter)            Turns: 2179, Time: 00:08:54

Health: 0/48       AC:  6    Str: 21    XL:     6   Next: 14%
Magic:  3/6        EV: 10    Int:  7    God:    Uskayaw [*.....]
Gold:   179        SH: 10    Dex: 12    Spells: 5/5 levels left

rFire    . . .     SeeInvis +   a - +0 long sword
rCold    + . .     Gourm    .   c - +0 shield
rNeg     . . .     Faith    .   s - +0 leather armour {rC+}
rPois    .         Spirit   .   (helmet unavailable)
rElec    .         Reflect  .   (no cloak)
rCorr    .         Harm     .   (no gloves)
MR       .....                  (no boots)
Stlth    ++........             (no amulet)
Regen    0.2/turn               j - +3 ring of protection
MPRegen  0.1/turn               i - ring of stealth

@: lethally poisoned (0 -> -7), very slow
A: permanent stasis, dig shafts and tunnels, four strong arms, antennae 3
a: Dig, Shaft Self, Stomp, Renounce Religion


You were on level 6 of the Dungeon.
You worshipped Uskayaw.
Uskayaw was noncommittal.
You were not hungry.

You visited 1 branch of the dungeon, and saw 4 of its levels.

You collected 179 gold pieces.

Inventory:

Hand Weapons
 a - a +0 long sword (weapon)
 u - a +2 spear of venom
Missiles
 l - 63 stones (quivered)
Armour
 b - a +0 scale mail
 c - a +0 shield (worn)
 s - a +0 leather armour of cold resistance (worn)
Jewellery
 i - a ring of stealth (right hand)
 j - a +3 ring of protection (left hand)
 m - an uncursed ring of flight
Scrolls
 e - a scroll of fog {unknown}
 n - 2 scrolls of teleportation {unknown}
 o - 2 scrolls of remove curse {unknown}
 q - a scroll of blinking {unknown}
 t - a scroll of random uselessness {unknown}
 v - a scroll of magic mapping {unknown}
Potions
 d - a potion of might
 h - 2 potions of brilliance {unknown}
 r - a potion of lignification {unknown}
 x - a potion of invisibility {unknown}
Comestibles
 f - 2 bread rations
 g - 2 royal jellies
 k - 4 fruits
 p - a meat ration
 w - 3 chunks of flesh


   Skills:
 * Level 4.2 Fighting
 + Level 3.5 Long Blades
 + Level 3.6 Armour
 + Level 0.8 Dodging
 + Level 1.6 Stealth
 * Level 5.2 Shields


You had 5 spell levels left.
You didn't know any spells.

Dungeon Overview and Level Annotations

Branches:
Dungeon (3/15)

Altars:
Cheibriados
Ru
Uskayaw

Annotations:
D:3 Robin


Innate Abilities, Weirdness & Mutations

You cannot be hasted, slowed, berserked, paralysed or teleported.
You can dig through walls and to a lower floor.
Your four strong arms can wield two-handed weapons with a shield.
You have a pair of large antennae on your head. (SInv)


Message History

* * * LOW HITPOINT WARNING * * *
You are more poisoned.
The adder poisons you!
Your unstable footing causes you to fumble your attack.
The hound bites you but does no damage. The adder bites you but does no damage.
The hound bites you but does no damage.
Your unstable footing causes you to fumble your attack.
You feel sick. You block the adder's attack.
The hound bites you but does no damage. x2; The adder barely misses you.
You riposte.
You hit the adder.
You kill the adder!
You can now stomp with the beat.
You closely miss the adder.
The adder is lightly wounded.
You block the hound's attack. The adder bites you.
* * * LOW HITPOINT WARNING * * *
You are more poisoned.
The adder poisons you! The hound bites you but does no damage.
The adder misses you.
Your unstable footing causes you to fumble your attack.
* * * LOW HITPOINT WARNING * * *
You feel sick.
The hound splashes around in the water.
The adder bites you.
You die...

##.##...# .#.... .).##...#
...... #####...# ##......
#...#####....... ##
#...#..÷...≈≈#
.####...#.##..≈≈≈# { {{
...............#≈###
........<.>...≈≈≈#≈≈ {{
..............≈#≈#{#####
.##.#...#.##.≈≈h≈#≈≈≈≈≈#
.##.#...#.....≈#@#r#≈#≈≈r≈#
###.#...#.##..≈#S#≈#≈# ###
#.#.).#[#....#r≈≈#≈≈
#.#.#...#....########
#.Y.....#......
###?...#####.##. ####.# #>#
# .. .#


You could see a hound, an adder and a rat.

Vanquished Creatures
  An ice beast (D:6)
  An orc wizard (D:2)
  3 adders (D:6)
  3 worms
  A dart slug (D:2)
  A leopard gecko (D:2)
  An orc (D:6)
  4 giant cockroaches (D:2)
  11 goblins
  10 hobgoblins
  A jackal (D:1)
  2 quokkas (D:2)
  7 bats
  4 frilled lizards
  3 kobolds (D:1)
  2 rats (D:2)
55 creatures vanquished.

Notes
Turn   | Place    | Note
-------+----------+-------------------------------------------
     0 | D:1      | bli the Formicid Fighter began the quest for the Orb.
     0 | D:1      | Reached XP level 1. HP: 18/18 MP: 1/1
   101 | D:1      | Reached XP level 2. HP: 13/24 MP: 2/2
   412 | D:1      | Reached skill level 4 in Shields
   657 | D:1      | Reached XP level 3. HP: 19/29 MP: 3/3
  1024 | D:2      | Found a snail-covered altar of Cheibriados.
  1115 | D:2      | Found a faded altar of an unknown god.
  1120 | D:2      | Became a worshipper of Uskayaw the Reveler
  1120 | D:2      | Reached * piety under Uskayaw
  1295 | D:2      | Reached XP level 4. HP: 37/37 MP: 4/4
  1295 | D:2      | Reached ** piety under Uskayaw
  1391 | D:2      | Found a sacrificial altar of Ru.
  1643 | D:3      | Noticed Robin
  1655 | D:3      | You fall through a shaft for 3 floors!
  2032 | D:6      | Noticed a sky beast
  2039 | D:6      | Noticed an ice beast
  2046 | D:6      | Reached XP level 5. HP: 37/42 MP: 5/5
  2056 | D:6      | Reached skill level 1 in Stealth
  2061 | D:6      | Reached *** piety under Uskayaw
  2065 | D:6      | Reached **** piety under Uskayaw
  2067 | D:6      | Killed an ice beast
  2067 | D:6      | Reached skill level 5 in Shields
  2067 | D:6      | Reached XP level 6. HP: 10/48 MP: 6/6
  2179 | D:6      | HP: 2/48 [poisoned by an adder]
  2179 | D:6      | Slain by an adder

Skill      XL: |  1  2  3  4  5 |
---------------+----------------+-----
Shields        | 4 5 |  5.2
Fighting       | 4 |  4.2
Stealth        | 1 |  1.6
Long Blades    | 3 |  3.5
Armour         | |  3.6
Dodging        | |  0.8

Action                   |  1- 3 |  4- 6 || total
-------------------------+-------+-------++-------
Melee: Long sword        |   126 |    65 ||   191
Invok: Stomp             |       |     2 ||     2
 Abil: Dig               |     4 |       ||     4
       Shaft Self        |       |     1 ||     1
 Stab: Sleeping          |     2 |       ||     2
       Paralysed         |       |     2 ||     2
  Eat: Chunk             |     2 |     3 ||     5
Armor: Scale mail        |    11 |       ||    11
       Leather armour    |    41 |    30 ||    71
Dodge: Dodged            |    43 |    28 ||    71
Block: Shield            |    62 |    30 ||    92
       Rpst.: Long sword |    17 |    14 ||    31
